DBL
OAKLAND ATHLETICS @ BALTIMORE ORIOLES
06/20/1997
 
TOP OF THE 1ST
Oakland Athletics batting - Pitching for Baltimore Orioles : RHP Ben McDonald
Pitching: RHP Ben McDonald
Batting: RHB Rickey Henderson 0-0: Called Strike
0-1: Ball
1-1: Ball
2-1: Foul Ball, location: 2F
2-2: Ball
3-2: Foul Ball, location: 2F
3-2: Strikes out looking
Batting: SHB Geronimo Pena 0-0: Called Strike
0-1: Ball
1-1: Ball
2-1: Foul Ball, location: 2F
2-2: Foul Ball, location: 2F
2-2: Fly out, F2 (Popup, 2R, EV 89.4 MPH)
Batting: LHB John Olerud 0-0: Ball
1-0: Ball
2-0: Ball
3-0: Base on Balls
Batting: RHB Jay Buhner 0-0: Ball
1-0: Ball
2-0: Swinging Strike
2-1: Foul Ball, location: 2F
2-2: Ball
3-2: Base on Balls
John Olerud to second
Batting: RHB Herbert Perry 0-0: Called Strike
0-1: Foul Ball, location: 2F
0-2: Ball
1-2: Strikes out looking
Top of the 1st over - 0 runs, 0 hits, 0 errors, 2 left on base; Oakland 0 - Baltimore 0
BOTTOM OF THE 1ST
Baltimore Orioles batting - Pitching for Oakland Athletics : LHP Jamie Moyer
Pitching: LHP Jamie Moyer
Batting: LHB Bill Spiers 0-0: Ball
1-0: Foul Ball, location: 2F
1-1: Called Strike
1-2: Ball
2-2: Ball
3-2: Foul Ball, location: 2F
3-2: SINGLE (Groundball, 23, EV 70.6 MPH) (infield hit)
Batting: LHB Troy O'Leary 0-0: Ball
1-0: Ball
2-0: Called Strike
2-1: Bunt - Flyout to 15! F1
Batting: LHB Kenny Lofton 0-0: Called Strike
0-1: SINGLE (Groundball, 34D, EV 108.1 MPH)
Bill Spiers to second
Runner from 2nd tries for 3rd, SAFE, throw by RF made to third
Batting: LHB Matt Franco 0-0: Ball
1-0: Ball
2-0: Called Strike
2-1: Foul Ball, location: 2F
2-2: Ball
Wild Pitch!
Bill Spiers scores
Kenny Lofton to second
3-2: Foul Ball, location: 2F
3-2: Foul Ball, location: 2F
3-2: Ground out 5-3 (Groundball, 56, EV 85.0 MPH)
Batting: LHB Johnny Damon 0-0: Called Strike
0-1: Ball
1-1: Called Strike
1-2: Ball
2-2: Fly out, F8 (Flyball, 8LXD, EV 93.8 MPH)
Bottom of the 1st over - 1 run, 2 hits, 0 errors, 1 left on base; Oakland 0 - Baltimore 1
TOP OF THE 2ND
Oakland Athletics batting - Pitching for Baltimore Orioles : RHP Ben McDonald
Batting: RHB Benito Santiago 0-0: Foul Ball, location: 2F
0-1: Ball
1-1: Swinging Strike
1-2: Foul Ball, location: 2F
1-2: Fly out, F5 (Popup, 56S, EV 69.4 MPH)
Batting: SHB Devon White 0-0: Ball
1-0: Called Strike
1-1: Foul Ball, location: 2F
1-2: Ball
2-2: Ball
3-2: Base on Balls
Batting: SHB Chuck Carr 0-0: Ball
Devon White steals 2nd base (no throw)
1-0: Called Strike
1-1: SINGLE (Line Drive, 3D, EV 105.0 MPH)
Devon White to third
Runner from 3rd tries for Home, SAFE, throw by RF to home
Batting: RHB Benji Gil 0-0: Ball
1-0: Foul Ball, location: 2F
1-1: Ball
2-1: Foul Ball, location: 2F
2-2: Ball
3-2: Strikes out swinging
Batting: RHB Rickey Henderson 0-0: Ball
1-0: Ball
Chuck Carr steals 2nd base
2-0: Ball
3-0: Called Strike
3-1: Foul Ball, location: 2F
3-2: Base on Balls
Batting: SHB Geronimo Pena 0-0: 3-RUN HOME RUN (Flyball, 89XD, EV 101.9 MPH), Distance : 397 ft
Batting: LHB John Olerud 0-0: Ball
1-0: Ball
2-0: Called Strike
2-1: Foul Ball, location: 2F
2-2: Ball
3-2: Fly out, F8 (Flyball, 8LM, EV 85.0 MPH)
Top of the 2nd over - 4 runs, 2 hits, 0 errors, 0 left on base; Oakland 4 - Baltimore 1
BOTTOM OF THE 2ND
Baltimore Orioles batting - Pitching for Oakland Athletics : LHP Jamie Moyer
Batting: LHB Matt Nokes 0-0: SINGLE (Line Drive, 9S, EV 89.4 MPH)
Batting: RHB Kelly Gruber 0-0: Foul Ball, location: 2F
0-1: Fly out, F7 (Flyball, 7LS, EV 91.3 MPH)
Batting: RHB Alvaro Espinoza 0-0: Ball
1-0: Grounds into double play, 6-4-3 (Groundball, 6, EV 87.5 MPH)
Bottom of the 2nd over - 0 runs, 1 hit, 0 errors, 0 left on base; Oakland 4 - Baltimore 1
TOP OF THE 3RD
Oakland Athletics batting - Pitching for Baltimore Orioles : RHP Ben McDonald
Batting: RHB Jay Buhner 0-0: Ball
1-0: Ball
2-0: Foul Ball, location: 2F
2-1: Called Strike
2-2: Ball
3-2: Ground out 5-3 (Groundball, 5L, EV 88.1 MPH)
Batting: RHB Herbert Perry 0-0: Called Strike
0-1: Swinging Strike
0-2: Fly out, F8 (Flyball, 78M, EV 89.4 MPH)
Batting: RHB Benito Santiago 0-0: Foul Ball, location: 2F
0-1: Foul Ball, location: 2F
0-2: Ball
1-2: Ball
2-2: Strikes out swinging
Top of the 3rd over - 0 runs, 0 hits, 0 errors, 0 left on base; Oakland 4 - Baltimore 1
BOTTOM OF THE 3RD
Baltimore Orioles batting - Pitching for Oakland Athletics : LHP Jamie Moyer
Batting: RHB Ed Sprague Jr. 0-0: Ball
1-0: Called Strike
1-1: Swinging Strike
1-2: Fly out, F8 (Flyball, 8LS, EV 89.4 MPH)
Batting: LHB Bill Spiers 0-0: Called Strike
0-1: Foul Ball, location: 2F
0-2: Ball
1-2: Ground out 5-3 (Groundball, 56S, EV 71.3 MPH)
Batting: LHB Troy O'Leary 0-0: Swinging Strike
0-1: Ball
1-1: Ground out 1-3 (Groundball, 13S, EV 72.5 MPH)
Bottom of the 3rd over - 0 runs, 0 hits, 0 errors, 0 left on base; Oakland 4 - Baltimore 1
TOP OF THE 4TH
Oakland Athletics batting - Pitching for Baltimore Orioles : RHP Ben McDonald
Batting: SHB Devon White 0-0: Ball
1-0: Ball
2-0: Called Strike
2-1: Foul Ball, location: 2F
2-2: Ball
3-2: Base on Balls
Batting: SHB Chuck Carr 0-0: Ball
Passed Ball!
Devon White to second
1-0: Bunted foul
1-1: Bunt missed!
1-2: Foul Ball, location: 2F
1-2: Foul Ball, location: 2F
1-2: Ball
2-2: Foul Ball, location: 2F
2-2: Ground out 6-3 (Groundball, 56D, EV 104.4 MPH)
Batting: RHB Benji Gil 0-0: Ball
1-0: Swinging Strike
1-1: Swinging Strike
1-2: Strikes out swinging
Batting: RHB Rickey Henderson 0-0: Swinging Strike
0-1: Ball
1-1: Foul Ball, location: 2F
1-2: Ball
2-2: Strikes out swinging
Top of the 4th over - 0 runs, 0 hits, 0 errors, 1 left on base; Oakland 4 - Baltimore 1
BOTTOM OF THE 4TH
Baltimore Orioles batting - Pitching for Oakland Athletics : LHP Jamie Moyer
Batting: LHB Kenny Lofton 0-0: Bunt missed!
0-1: Ball
1-1: Called Strike
1-2: Strikes out looking
Batting: LHB Matt Franco 0-0: Swinging Strike
0-1: Called Strike
0-2: Strikes out swinging
Batting: LHB Johnny Damon 0-0: Called Strike
0-1: Foul Ball, location: 2F
0-2: Strikes out swinging
Bottom of the 4th over - 0 runs, 0 hits, 0 errors, 0 left on base; Oakland 4 - Baltimore 1
TOP OF THE 5TH
Oakland Athletics batting - Pitching for Baltimore Orioles : RHP Ben McDonald
Batting: SHB Geronimo Pena 0-0: Ball
1-0: Called Strike
1-1: Ball
2-1: Ball
3-1: Ground out 5-3 (Groundball, 56, EV 81.9 MPH)
Batting: LHB John Olerud 0-0: Foul Ball, location: 2F
0-1: Ball
1-1: Called Strike
1-2: Strikes out swinging
Batting: RHB Jay Buhner 0-0: Ball
1-0: Called Strike
1-1: Called Strike
1-2: Fly out, F8 (Flyball, 8RXD, EV 103.1 MPH)
Top of the 5th over - 0 runs, 0 hits, 0 errors, 0 left on base; Oakland 4 - Baltimore 1
BOTTOM OF THE 5TH
Baltimore Orioles batting - Pitching for Oakland Athletics : LHP Jamie Moyer
Batting: LHB Matt Nokes 0-0: Foul Ball, location: 2F
0-1: Swinging Strike
0-2: Ground out 4-3 (Groundball, 4M, EV 103.1 MPH)
Batting: RHB Kelly Gruber 0-0: Swinging Strike
0-1: Foul Ball, location: 2F
0-2: Ground out 5-3 (Groundball, 5, EV 81.3 MPH)
Batting: RHB Alvaro Espinoza 0-0: Called Strike
0-1: Swinging Strike
0-2: SINGLE (Flyball, 89M, EV 95.0 MPH)
Batting: RHB Ed Sprague Jr. 0-0: Ball
1-0: Called Strike
1-1: Called Strike
1-2: Strikes out swinging
Bottom of the 5th over - 0 runs, 1 hit, 0 errors, 1 left on base; Oakland 4 - Baltimore 1
TOP OF THE 6TH
Oakland Athletics batting - Pitching for Baltimore Orioles : RHP Ben McDonald
Batting: RHB Herbert Perry 0-0: Called Strike
0-1: Ball
1-1: Ball
2-1: Foul Ball, location: 2F
2-2: Ball
3-2: Base on Balls
Pitching: RHP Jeff Nelson
Batting: RHB Benito Santiago 0-0: Called Strike
0-1: Ball
1-1: Ball
2-1: Ball
3-1: Fly out, F7 (Flyball, 7LS, EV 72.5 MPH)
Batting: SHB Devon White 0-0: Ball
1-0: Called Strike
1-1: Fly out, F7 (Flyball, 7, EV 96.9 MPH)
Batting: SHB Chuck Carr 0-0: Ball
1-0: Foul Ball, location: 2F
1-1: Swinging Strike
Passed Ball!
Herbert Perry to second
1-2: Hit by Pitch
Batting: RHB Benji Gil 0-0: Ball
1-0: Fly out, F8 (Flyball, 8LS, EV 91.9 MPH)
Top of the 6th over - 0 runs, 0 hits, 0 errors, 2 left on base; Oakland 4 - Baltimore 1
BOTTOM OF THE 6TH
Baltimore Orioles batting - Pitching for Oakland Athletics : LHP Jamie Moyer
Batting: LHB Bill Spiers 0-0: Foul Ball, location: 2F
0-1: Ball
1-1: Ball
2-1: SINGLE (Groundball, 6D, EV 95.6 MPH)
Batting: LHB Troy O'Leary 0-0: Ball
1-0: Ball
2-0: Fly out, F8 (Line Drive, 8RD, EV 97.5 MPH)
Batting: LHB Kenny Lofton 0-0: Called Strike
0-1: Foul Ball, location: 2F
0-2: Ball
1-2: Strikes out swinging
Batting: LHB Matt Franco 0-0: Called Strike
0-1: Ball
1-1: Foul Ball, location: 2F
1-2: SINGLE (Line Drive, 6MD, EV 100.6 MPH)
Bill Spiers to second
Batting: LHB Johnny Damon 0-0: SINGLE (Flyball, 78S, EV 89.4 MPH)
Bill Spiers to third
Matt Franco to second
Runner from 3rd tries for Home, SAFE, no throw by LF
Batting: LHB Matt Nokes 0-0: Foul Ball, location: 2F
0-1: Foul Ball, location: 2F
0-2: Ball
1-2: Fly out, F9 (Line Drive, 9, EV 109.4 MPH)
Bottom of the 6th over - 1 run, 3 hits, 0 errors, 2 left on base; Oakland 4 - Baltimore 2
TOP OF THE 7TH
Oakland Athletics batting - Pitching for Baltimore Orioles : RHP Jeff Nelson
Pitching: RHP Julian Tavarez
Batting: RHB Rickey Henderson 0-0: Called Strike
0-1: Ball
1-1: Foul Ball, location: 2F
1-2: Strikes out swinging
Batting: SHB Geronimo Pena 0-0: Ball
1-0: Swinging Strike
1-1: Ball
2-1: Fly out, F9 (Flyball, 9S, EV 75.6 MPH)
Batting: LHB John Olerud 0-0: Ball
1-0: Ball
2-0: SINGLE (Groundball, 34D, EV 95.6 MPH)
Batting: RHB Jay Buhner 0-0: Called Strike
0-1: Called Strike
0-2: Strikes out swinging
Top of the 7th over - 0 runs, 1 hit, 0 errors, 1 left on base; Oakland 4 - Baltimore 2
BOTTOM OF THE 7TH
Baltimore Orioles batting - Pitching for Oakland Athletics : LHP Jamie Moyer
Batting: RHB Kelly Gruber 0-0: Called Strike
0-1: Foul Ball, location: 2F
0-2: Foul Ball, location: 2F
0-2: Ball
1-2: Foul Ball, location: 2F
1-2: DOUBLE (Groundball, 5L, EV 108.8 MPH)
Batting: RHB Alvaro Espinoza 0-0: Sac Bunt to 13 - play at first, batter OUT! 1-3
Kelly Gruber to third
Batting: RHB Ed Sprague Jr. 0-0: Called Strike
0-1: Foul Ball, location: 2F
0-2: Foul Ball, location: 2F
0-2: Ball
1-2: Ball
2-2: Strikes out swinging
Batting: LHB Bill Spiers 0-0: Ball
1-0: Ball
2-0: Foul Ball, location: 2F
2-1: Ball
3-1: Foul Ball, location: 2F
3-2: Foul Ball, location: 2F
3-2: Foul Ball, location: 2F
3-2: Ground out 5-3 (Groundball, 5, EV 91.9 MPH)
Bottom of the 7th over - 0 runs, 1 hit, 0 errors, 1 left on base; Oakland 4 - Baltimore 2
TOP OF THE 8TH
Oakland Athletics batting - Pitching for Baltimore Orioles : RHP Julian Tavarez
Batting: RHB Herbert Perry 0-0: Ball
1-0: Called Strike
1-1: Ball
2-1: Foul Ball, location: 2F
2-2: Foul Ball, location: 2F
2-2: Strikes out swinging
Batting: RHB Benito Santiago 0-0: Ball
1-0: SOLO HOME RUN (Flyball, 78XD, EV 86.3 MPH), Distance : 399 ft
Batting: SHB Devon White 0-0: Foul Ball, location: 2F
0-1: Swinging Strike
0-2: Strikes out looking
Batting: SHB Chuck Carr 0-0: Swinging Strike
0-1: Ground out 4-3 (Groundball, 4, EV 105.6 MPH)
Top of the 8th over - 1 run, 1 hit, 0 errors, 0 left on base; Oakland 5 - Baltimore 2
BOTTOM OF THE 8TH
Baltimore Orioles batting - Pitching for Oakland Athletics : LHP Jamie Moyer
Pitching: RHP Joel Johnston
Batting: LHB Troy O'Leary 0-0: Ball
1-0: Ball
2-0: Ball
3-0: Called Strike
3-1: Foul Ball, location: 2F
3-2: Foul Ball, location: 2F
3-2: Base on Balls
Batting: LHB Kenny Lofton 0-0: SINGLE (Flyball, 9LS, EV 90.0 MPH)
Troy O'Leary to second
Batting: LHB Matt Franco 0-0: Ball
1-0: Foul Ball, location: 2F
1-1: Ball
2-1: Fly out, F6 (Popup, 15, EV 75.6 MPH)
Batting: LHB Johnny Damon 0-0: Ball
1-0: Ball
2-0: Foul Ball, location: 2F
2-1: Foul Ball, location: 2F
2-2: Foul Ball, location: 2F
2-2: Foul Ball, location: 2F
2-2: Fly out, F7 (Flyball, 7LS, EV 88.1 MPH)
Batting: LHB Matt Nokes 0-0: Ball
1-0: Ball
2-0: Called Strike
2-1: Foul Ball, location: 2F
2-2: Foul Ball, location: 2F
2-2: Ball
3-2: Ground out 4-3 (Groundball, 4, EV 90.6 MPH)
Bottom of the 8th over - 0 runs, 1 hit, 0 errors, 2 left on base; Oakland 5 - Baltimore 2
TOP OF THE 9TH
Oakland Athletics batting - Pitching for Baltimore Orioles : RHP Julian Tavarez
Batting: RHB Benji Gil 0-0: Swinging Strike
0-1: Swinging Strike
0-2: Strikes out swinging
Batting: RHB Rickey Henderson 0-0: Called Strike
0-1: Swinging Strike
0-2: Foul Ball, location: 2F
0-2: Ball
1-2: Foul Ball, location: 2F
1-2: Strikes out swinging
Batting: SHB Geronimo Pena 0-0: Ball
1-0: Ball
2-0: Ball
3-0: Called Strike
3-1: SINGLE (Line Drive, 9S, EV 92.5 MPH)
Pitching: LHP Chuck Cary
Batting: LHB John Olerud 0-0: Called Strike
Geronimo Pena steals 2nd base
0-1: Ground out 6-3 (Groundball, 6, EV 86.3 MPH)
Top of the 9th over - 0 runs, 1 hit, 0 errors, 1 left on base; Oakland 5 - Baltimore 2
BOTTOM OF THE 9TH
Baltimore Orioles batting - Pitching for Oakland Athletics : RHP Joel Johnston
Batting: RHB Kelly Gruber 0-0: SINGLE (Groundball, 5D, EV 94.4 MPH)
Batting: RHB Alvaro Espinoza 0-0: Called Strike
0-1: Called Strike
0-2: Ball
1-2: Ball
2-2: Strikes out swinging
Pitching: RHP Jason Bere
Batting: RHB Ed Sprague Jr. 0-0: Ball
1-0: Fly out, F8 (Flyball, 8RXD, EV 105.0 MPH)
Batting: LHB Bill Spiers 0-0: Foul Ball, location: 2F
0-1: Foul Ball, location: 2F
0-2: Ball
1-2: Ball
2-2: Ball
3-2: Strikes out looking
Bottom of the 9th over - 0 runs, 1 hit, 0 errors, 1 left on base; Oakland 5 - Baltimore 2
Friday, February 27th, 2026 - OOTP Baseball 20.8 Build 74